 Dungeon Crawl Stone Soup version 0.29-a0-266-gf56f883ddd (webtiles) character file.

Game seed: 14067708062016400092

506 avis the Ruffian (level 7, -11/52 (59) HPs)
             Began as a Hill Orc Transmuter on Mar 6, 2022.
             Was a Follower of Beogh.
             Mangled by Edmund
             ... wielding a +4 dire flail of draining
              (15 damage)
             ... on level 5 of the Dungeon.
             The game lasted 00:30:52 (8236 turns).

avis the Ruffian (Hill Orc Transmuter)              Turns: 8236, Time: 00:30:53

HP:   -11/52 (59)   AC:  2    Str: 13    XL:     7   Next: 18%
MP:   6/10          EV: 21    Int: 15    God:    Beogh [*.....]
Gold: 276           SH:  0    Dex: 22    Spells: 2/10 levels left

rFire   . . .      SeeInvis .     - Unarmed
rCold   . . .      Faith    .   (shield currently unavailable)
rNeg    + . .      Spirit   .   (body armour currently unavailable)
rPois   x          Reflect  .   (helmet currently unavailable)
rElec   .          Harm     .   (cloak currently unavailable)
rCorr   .          Rampage  .   (gloves currently unavailable)
Will    .....                   (boots currently unavailable)
Stlth   ++........              (no amulet)
HPRegen 0.17/turn               C - +6 ring of dexterity
MPRegen 0.12/turn               w - ring of positive energy

@: spider-form (expiring), heavily drained
A: venomous fangs, tiny
a: End Transformation, Renounce Religion


You were on level 5 of the Dungeon.
You worshipped Beogh.
Beogh was aware of your devotion.
You were a venomous arachnid creature.
You visited 1 branch of the dungeon, and saw 5 of its levels.

You collected 276 gold pieces.

Inventory:

Hand Weapons
 b - a +0 hunting sling
 i - a +0 whip of venom
 j - a +0 spear
 v - a +0 spear
 z - a +0 spear
 A - a +0 spear
 F - a +2 vorpal hand axe
 H - a +0 halberd
 I - a +0 spear
 J - a +0 halberd of protection
 L - a +0 spear
Missiles
 o - 150 stones
 r - 5 silver javelins
 t - 10 poisoned darts
Armour
 a - a +0 robe (melded)
 u - a +0 helmet (melded)
 x - a +0 cloak (melded)
 D - a +0 plate armour
 E - a +0 ring mail
 G - a +0 buckler
 M - an orb of light
Magical Staves
 B - a staff of earth
Jewellery
 w - a ring of positive energy (right front leg)
 C - a +6 ring of dexterity (left front leg)
Scrolls
 e - 2 scrolls of vulnerability {unknown}
 h - 3 scrolls of fear {unknown}
 m - 5 scrolls of identify {unknown}
 s - a scroll of blinking {unknown}
 y - a scroll of amnesia {unknown}
 K - a scroll of enchant weapon {unknown}
 N - a scroll of enchant armour {unknown}
Potions
 c - a potion of heal wounds {unknown}
 d - a potion of cancellation {unknown}
 f - a potion of lignification
 g - 4 potions of curing {unknown}
 k - 2 potions of attraction {unknown}
 l - a potion of might
 n - a potion of flight {unknown}
 p - a potion of ambrosia {unknown}
 q - 2 potions of haste {unknown}


   Skills:
 - Level 4.0 Fighting
 - Level 3.0 Dodging
 * Level 6.0 Unarmed Combat
 - Level 2.0 Spellcasting
 - Level 2.0 Transmutations
 - Level 2.0 Poison Magic


You had 2 spell levels left.
You knew the following spells:

 Your Spells              Type           Power      Damage    Failure   Level
a - Beastly Appendage     Tmut           14%        N/A       24%         1
p - Spider Form           Tmut/Pois      7%         N/A       50%         3
q - Ice Form              Ice/Tmut       4%         N/A       93%         4

Your spell library contained the following spells:

 Spells                   Type           Power      Damage    Failure   Level
 Wereblood                Tmut           7%         N/A       32%         2
 Magic Dart               Conj           4%         1d3       43%         1
 Poisonous Vapours        Pois/Air       8%         N/A       43%         2
 Corpse Rot               Necr/Air       2%         N/A       54%         2
 Searing Ray              Conj           2%         2d4       54%         2
 Fulminant Prism          Conj/Hex       0%         3d6       98%         4


Dungeon Overview and Level Annotations

Branches:
Dungeon (5/15)
 Temple: D:4-7

Altars:

Shops:
D:2 (

Annotations:
D:4 unexplored deep water
D:5 Edmund, Menkaure


Message History

You are very lightly contaminated with residual magic.
Nothing appears to happen.
There is an escape hatch in the floor here.
Your magical contamination has completely faded away.
There is a stone staircase leading up here.
Casting: Spider Form (dangerous; 28% risk of failure)
Confirm with . or Enter, or press ? or * to list all spells.
You turn into a venomous arachnid creature.
Your +0 cloak melds into your body.
Your +0 helmet melds into your body.
Your +0 robe melds into your body.
There is an escape hatch in the floor here.
Edmund shouts!
Edmund drinks a potion.
Edmund seems to grow stronger.
You hit Edmund but do no damage.
Edmund is poisoned.
Edmund closely misses you.
You hit Edmund.
Edmund is lightly wounded.
Your transformation is almost over.
Edmund completely misses you.
You hit Edmund but do no damage.
Edmund looks as sick as possible!
Edmund is lightly wounded.
Edmund hits you with a +4 dire flail of draining!!
You partially resist.
You feel drained.
You bite Edmund!
Edmund looks as sick as possible!
Edmund is moderately wounded.
Edmund hits you with a +4 dire flail of draining!!
You partially resist.
You feel drained.
You hit Edmund.
Edmund looks as sick as possible!
Edmund is heavily wounded.
Edmund hits you with a +4 dire flail of draining!
* * * LOW HITPOINT WARNING * * *
You partially resist.
You feel drained.
* * * LOW HITPOINT WARNING * * *
Edmund attacks as you move away!
Edmund hits you with a +4 dire flail of draining.
* * * LOW HITPOINT WARNING * * *
You partially resist.
You feel drained.
There is an escape hatch in the floor here.
Edmund attacks as you move away!
Edmund hits you with a +4 dire flail of draining!
You die...

##...$.......#. ..
###.................
##.................#
..............##..# #
.................. #.
#............# ....
#...........###..
...@.##......@<........
......###...##s..#...#.
....>.#..........# .#
...........##....#
....#.......#....#
...............#.#
...............#...
...............##..
.............### #..
..####..#......#


You could see Edmund (strong, extremely poisoned).

Vanquished Creatures
  A scorpion (D:5)
  A hound (D:4)
  An orc priest (D:4)
  A gnoll shaman (D:3)
  An iguana (D:4)
  An orc wizard (D:3)
  Robin (D:3)
  13 gnolls
  6 adders
  A white imp (D:5)
  3 dart slugs
  5 orcs
  5 endoplasms
  6 giant cockroaches
  11 goblins
  15 hobgoblins
  2 jackals (D:3)
  10 kobolds
  5 quokkas
  5 ball pythons
  7 bats
  7 frilled lizards
  7 rats
115 creatures vanquished.

Vanquished Creatures (others)
  An orc (D:3)
  8 plants
9 creatures vanquished.

Grand Total: 124 creatures vanquished

Notes
Turn   | Place    | Note
-------+----------+-------------------------------------------
     0 | D:1      | avis the Hill Orc Transmuter began the quest for the Orb.
     0 | D:1      | Reached XP level 1. HP: 16/16 MP: 3/3
   336 | D:1      | Reached XP level 2. HP: 25/25 MP: 2/4
   794 | D:1      | Reached XP level 3. HP: 31/31 MP: 3/5
   798 | D:1      | Learned a level 3 spell: Spider Form
  2330 | D:2      | Found Uwupiav's Antique Weapon Shoppe.
  2343 | D:2      | Reached skill level 4 in Unarmed Combat
  3243 | D:2      | Found a faded altar of an unknown god.
  3441 | D:2      | Reached XP level 4. HP: 38/38 MP: 6/6
  3522 | D:3      | Noticed Robin
  3587 | D:3      | Killed Robin
  3838 | D:3      | Reached skill level 1 in Poison Magic
  4272 | D:3      | Reached XP level 5. HP: 25/45 MP: 5/8
  5155 | D:3      | Became a worshipper of Beogh the Brigand
  5506 | D:4      | Reached skill level 5 in Unarmed Combat
  5525 | D:3      | HP: 1/45 [something (3)]
  5527 | D:3      | Reached XP level 6. HP: 1/51 MP: 3/9
  6914 | D:4      | Reached * piety under Beogh
  6915 | D:4      | Reached XP level 7. HP: 59/59 MP: 6/10
  7692 | D:4      | Learned a level 4 spell: Ice Form
  7993 | D:5      | Entered Level 5 of the Dungeon
  7996 | D:5      | Noticed Menkaure
  8179 | D:5      | Reached skill level 6 in Unarmed Combat
  8211 | D:5      | Noticed Edmund
  8236 | D:5      | Mangled by Edmund

Illustrated notes

Levels and vault maps discovered:
D:1:      saegor_arrival_simple_e, layout_basic, serial_forest,
          infiniplex_forest_clump_large, infiniplex_forest_straight_2,
          infiniplex_forest_straight_3, infiniplex_forest_clump_cross,
          infiniplex_forest_end_2, infiniplex_forest_lined_1,
          infiniplex_forest_lined_room_2, infiniplex_forest_clump_small,
          corexii_hall_statues_x
D:2:      layout_rooms, serial_shops, shop_coins,
          chequers_ecumenical_altar_lobes, serial_forest,
          infiniplex_forest_straight_2, infiniplex_forest_lined_2,
          infiniplex_forest_corner_1, infiniplex_forest_corner_1,
          infiniplex_forest_clump_curved, infiniplex_forest_end_1,
          minmay_crystal_room
D:3:      layout_loops_cross, gup_sewer_entry_glass, roderic_serpentine_path,
          uniq_robin
D:4:      layout_layer_cave, serial_rivers, chequers_serial_rivers_micro_b,
          chequers_serial_rivers_micro_e, chequers_serial_rivers_small_b,
          chequers_serial_rivers_small_b, chequers_serial_rivers_large_a,
          dk_noncrumbling_4
D:5:      layout_cave_pools, uniq_edmund, uniq_menkaure, uniq_crazy_yiuf_cottage

Skill      XL: |  1  2  3  4  5  6  7 |
---------------+----------------------+-----
Fighting       | 2 3 4 |  4.0
Unarmed Combat | 4 5 6 |  6.0
Transmutations | 2 |  2.0
Spellcasting   | 2 |  2.0
Poison Magic   | 1 2 |  2.0
Dodging        | 2 3 |  3.0

Action                   |  1- 3 |  4- 6 |  7- 9 || total
-------------------------+-------+-------+-------++-------
Melee: Unarmed           |    81 |   161 |    17 ||   259
       Headbutt          |     9 |     1 |       ||    10
       Kick              |    10 |     3 |       ||    13
       Punch             |     1 |       |       ||     1
 Fire: Hunting sling     |    47 |       |       ||    47
 Cast: Beastly Appendage |    15 |     7 |     1 ||    23
       Spider Form       |     3 |    31 |     8 ||    42
Invok: Convert to Beogh  |       |     1 |       ||     1
 Stab: Sleeping          |     1 |       |     1 ||     2
Armor: Robe              |    15 |    10 |       ||    25
       Skin              |       |     4 |       ||     4
Dodge: Dodged            |    69 |   167 |    11 ||   247

Table legend: (Time is in decaauts)
 A = Elapsed time spent in this place.
 B = Non-inter-level travel time spent in this place.
 C = Inter-level travel time spent in this place.
 D = Time resting spent in this place.
 E = Time spent auto-exploring this place.
 F = Levels seen in this place.
 G = Mean time per level.
                   A        B        C        D        E       F      G
               +--------+--------+--------+--------+--------+-----+--------+
         Total |   8260 |   7622 |    638 |   3079 |   3022 |   5 | 1652.0 |
       Dungeon |   8260 |   7622 |    638 |   3079 |   3022 |   5 | 1652.0 |
               +--------+--------+--------+--------+--------+-----+--------+

Top non-repeatable levels by time:
     D:1: 2263 daAuts
     D:3: 2062 daAuts
     D:4: 1936 daAuts
     D:2: 1813 daAuts
     D:5: 184 daAuts
